 Dungeon Crawl Stone Soup version 0.25-a0-875-geaba134f46 (webtiles) character file.

Game seed: 15645450786058185967, levelgen mode: deterministic

14165 Hasart the Frost Mage (level 11, -7/54 HPs)
             Began as a Deep Elf Ice Elementalist on May 1, 2020.
             Was an Elder of Vehumet.
             Mangled by an eight-headed hydra (12 damage)
             ... on level 12 of the Dungeon.
             The game lasted 00:38:20 (14130 turns).

Hasart the Frost Mage (Deep Elf Ice Elementalist)  Turns: 14130, Time: 00:38:20

Health: -7/54      AC:  8    Str:  5    XL:     11   Next: 85%
Magic:  10/28      EV: 15    Int: 24    God:    Vehumet [****..]
Gold:   578        SH:  6    Dex: 18    Spells: 14/32 levels left

rFire    + . .     SeeInvis +   C - +3 spear (venom)
rCold    + . .     Gourm    .   B - +0 buckler {AC+3}
rNeg     . . .     Faith    .   N - +1 robe of Naess {rF+ rC+ Dex+3} (curse)
rPois    .         Spirit   .   (no helmet)
rElec    .         Reflect  .   E - +1 cloak
rCorr    .         Harm     .   (no gloves)
MR       +....                  (no boots)
Stlth    ++........             Q - amulet of regeneration
HPRegen  0.58/turn              R - ring of wizardry
MPRegen  0.21/turn              j - ring of see invisible

@: no status effects
A: no striking features
a: Renounce Religion


You were on level 12 of the Dungeon.
You worshipped Vehumet.
Vehumet was greatly pleased with you.
You were not hungry.

You visited 1 branch of the dungeon, and saw 12 of its levels.
You also visited: Sewer and Ossuary.

You collected 693 gold pieces.
You spent 115 gold pieces at shops.

Inventory:

Hand Weapons
 n - a +0 lajatang
 C - a +3 spear of venom (weapon)
 O - the +9 flail of Corporal Punishment {venom, Fragile +Inv Dex-4 Stlth+}
   (You found it on level 12 of the Dungeon)

   It poisons the flesh of those it strikes.
   It affects your dexterity (-4).
   It lets you turn invisible.
   It will be destroyed if unequipped.
   It makes you more stealthy.
Armour
 B - a +0 buckler of protection (worn)
 E - a +1 cloak (worn)
 N - the cursed +1 robe of Naess (worn) {rF+ rC+ Dex+3}
   (You found it on level 9 of the Dungeon)

   It affects your dexterity (+3).
   It protects you from fire.
   It protects you from cold.
   It has a curse placed upon it.
Jewellery
 d - an uncursed ring of protection from fire
 j - a ring of see invisible (right hand)
 s - an uncursed amulet of rage
 x - a +3 amulet of reflection
 y - the ring "Bismeq" {Str+6 Dex+2}
   (You found it on level 4 of the Dungeon)

   [ring of dexterity]

   It affects your strength (+6).
   It affects your dexterity (+2).
 G - a +3 ring of dexterity
 Q - an amulet of regeneration (around neck)
 R - a ring of wizardry (left hand)
Wands
 i - a wand of flame (8)
 o - a wand of polymorph (9)
 H - a wand of acid (10)
 I - a wand of random effects (19)
 K - a wand of paralysis (9)
Scrolls
 a - a scroll of blinking
 e - 12 scrolls of identify
 f - 5 scrolls of enchant weapon
 m - 2 scrolls of random uselessness {unknown}
 t - 2 scrolls of amnesia
 A - a scroll of magic mapping
 D - 2 scrolls of teleportation {unknown}
 F - 2 scrolls of noise {unknown}
 J - a scroll of torment {unknown}
 L - a scroll of silence {unknown}
 M - a scroll of remove curse
 P - a scroll of fog
Potions
 b - 5 potions of magic
 g - 6 potions of mutation {unknown}
 h - 3 potions of might {unknown}
 k - a potion of haste {unknown}
 l - 8 potions of curing
 p - 5 potions of flight {unknown}
 q - 2 potions of invisibility {unknown}
 r - a potion of berserk rage {unknown}
 u - 3 potions of stabbing {unknown}
 v - a potion of ambrosia {unknown}
 w - 7 potions of degeneration {unknown}
 z - 4 potions of heal wounds {unknown}
 S - a potion of brilliance {unknown}
Comestibles
 c - 16 rations


   Skills:
 - Level 5.0 Dodging
 - Level 2.4 Stealth
 - Level 5.0 Shields
 + Level 11.3 Spellcasting
 + Level 8.8 Conjurations
 - Level 5.0 Summonings
 - Level 4.0 Fire Magic
 * Level 13.5 Ice Magic


You had 14 spell levels left.
You knew the following spells:

 Your Spells              Type           Power        Failure   Level  Hunger
a - Freeze                Ice            ####         0%          1    None
b - Frozen Ramparts       Ice            ######       1%          3    None
c - Hailstorm             Conj/Ice       ######..     1%          4    None
d - Summon Ice Beast      Ice/Summ       ######..     1%          4    None
e - Searing Ray           Conj           ######       1%          2    None
f - Sticky Flame          Conj/Fire      #####...     1%          4    None

Your spell library contained the following spells:

 Spells                   Type           Power        Failure   Level  Hunger
 Ignite Poison            Fire/Tmut/Pois ###.....     1%          3    None
 Animate Skeleton         Necr           N/A          1%          1    None
 Apportation              Tloc           ##....       1%          1    None
 Corona                   Hex            ##.....      1%          1    None
 Summon Butterflies       Summ           #####...     1%          1    None
 Summon Small Mammal      Summ           ####         1%          1    None
 Ensorcelled Hibernation  Hex/Ice        #####.       1%          2    None
 Dazzling Flash           Conj/Hex       ####..       1%          3    None
 Ozocubu's Armour         Chrm/Ice       #####...     1%          3    None
 Confusing Touch          Hex            ##......     6%          3    None
 Lesser Beckoning         Tloc           ##........   6%          3    None
 Tukima's Dance           Hex            ##......     6%          3    None
 Alistair's Intoxication  Tmut/Pois      ##......     43%         5    ####...
 Invisibility             Hex            ##......     93%         6    #####..


Dungeon Overview and Level Annotations

Branches:
Dungeon (12/15)            Temple (0/1) D:6            Lair (0/6) D:9
    Orc (0/2) D:10          Sewer (visited)         Ossuary (visited)

Altars:
Dithmenos
Fedhas
Gozag
Hepliaklqana
Kikubaaqudgha
Nemelex Xobeh
Okawaru
Ru
Uskayaw
Vehumet
Xom
Yredelemnul
Zin

Shops:
D:5 [   D:10 (   D:11 }

Annotations:
D:9 2 transporters, Amnesiac's ghost, journeyman DEIE


Message History

Casting: Sticky Flame (safe; 1% risk of failure)
Confirm with . or Enter, or press ? or * to list all spells.
A cannonade of hail descends around you!
The hail pelts the eight-headed hydra!
The eight-headed hydra is almost dead.
The hail pelts the worker ant!!
You kill the worker ant!
Vehumet accepts your kill.
You feel your power returning.
Unknown command.
Unknown command.
The eight-headed hydra bites you but does no damage.
The eight-headed hydra completely misses you.
You block the eight-headed hydra's attack.
The eight-headed hydra misses you. The eight-headed hydra bites you!
* * * LOW HITPOINT WARNING * * *
The eight-headed hydra bites you.
* * * LOW HITPOINT WARNING * * *
The eight-headed hydra bites you!
You die...

#.# #.#.# #.
#.##.########.#.# #. ####
#.##.#..........# #.
..u#####.##.#.#####...###
#.
#........##.#.###.......#
....
.#..###..##.#...........#
#### ##.##
#..##.#..##.......# #..#
#..##.#..####...### #
#.a# #....)...D@.....#
###### #9.#
#.#####..#####.## ......
..#####.#####..# #<#
#.... ......u........#
#.# #....
.W#####.######.# #.#
#.... #.. #.# #.# #.#
#.... #.. #.# #.# #.#
##.... #..# #.## #.# #.#
#..... ##.##.#..# #.# #.#
##.####


You could see an eight-headed hydra.

Vanquished Creatures
  Erolcha (D:9)
  A centaur warrior (D:11)
  A skeletal warrior (D:12)
  A deep elf mage (D:12)
  A cyclops (D:11)
  An ugly thing (D:11)
  2 manticores (D:11)
  A centaur skeleton (D:11)
  A kobold demonologist (D:12)
  A troll (D:11)
  A hornet (D:8)
  A hippogriff (D:10)
  Sigmund (D:6)
  4 yaks (D:9)
  A wyvern (D:10)
  2 wraiths (D:12)
  2 steam dragons (D:7)
  A basilisk (D:9)
  A hungry ghost (D:11)
  An acid dragon (D:11)
  A water moccasin (D:11)
  An orc warrior (D:7)
  3 ice beasts
  A porcupine (D:9)
  7 sky beasts
  2 black bears
  9 centaurs
  A necrophage (D:8)
  6 ogres
  4 crocodiles
  A big kobold (D:8)
  2 elf zombies
  7 bullfrogs
  3 elf skeletons (D:6)
  A wyvern zombie (D:6)
  3 scorpions
  3 wights (D:8)
  6 killer bees
  2 howler monkeys (D:10)
  5 crimson imps
  A bullfrog zombie (D:8)
  7 centaur zombies
  2 jellies
  3 hounds
  A quasit (D:8)
  2 orc priests
  A human zombie (D:6)
  4 orc wizards
  3 bullfrog skeletons
  6 iguanas
  9 worker ants
  2 hound skeletons (D:4)
  2 mummies (Ossuary)
  10 gnolls
  14 adders
  2 shadow imps
  An adder skeleton (D:5)
  5 leopard geckos
  13 orcs
  6 giant cockroaches
  8 hobgoblins
  2 jackals (D:5)
  6 kobolds
  7 quokkas
  9 bats
  2 frilled lizards
  2 gnoll zombies (D:2)
  5 goblins
  A goblin zombie (Ossuary)
  5 hobgoblin zombies (Ossuary)
  3 jackal zombies (Ossuary)
  9 kobold zombies (Ossuary)
  2 leopard gecko skeletons (D:4)
  12 orc zombies (Ossuary)
  A quokka skeleton (D:6)
  3 rats
  A fungus (D:9)
266 creatures vanquished.

Vanquished Creatures (collateral kills)
  A two-headed ogre (D:8)
  An ugly thing (D:7)
  A necrophage (D:7)
  A phantom (D:5)
  2 ogres (D:7)
  An elf zombie (D:6)
  A scorpion (D:8)
  A wight (D:8)
  A gnoll (D:6)
10 creatures vanquished.

Vanquished Creatures (others)
  A rat (D:3)
1 creature vanquished.

Grand Total: 277 creatures vanquished

Notes
Turn   | Place    | Note
-------+----------+-------------------------------------------
     0 | D:1      | Hasart the Deep Elf Ice Elementalist began the quest for
                  | the Orb.
     0 | D:1      | Reached XP level 1. HP: 10/10 MP: 6/6
   267 | D:1      | Reached XP level 2. HP: 15/15 MP: 4/8
  1211 | D:2      | Found a shimmering altar of Xom.
  1681 | D:2      | Found a basalt altar of Yredelemnul.
  1790 | D:3      | Reached skill level 5 in Ice Magic
  1790 | D:3      | Reached XP level 3. HP: 13/19 MP: 2/10
  2035 | D:3      | Reached XP level 4. HP: 21/24 MP: 7/11
  2036 | D:3      | Found a glowing drain.
  2046 | Sewer    | Entered a sewer
  2135 | Sewer    | Noticed a crocodile
  2145 | Sewer    | Learned a level 3 spell: Frozen Ramparts
  2161 | Sewer    | Killed a crocodile
  2161 | Sewer    | Reached XP level 5. HP: 28/28 MP: 9/13
  2244 | D:3      | Found an iron altar of Okawaru.
  2499 | D:3      | Found a radiant altar of Vehumet.
  2502 | D:3      | Reached skill level 6 in Ice Magic
  2509 | D:3      | Became a worshipper of Vehumet
  2733 | D:3      | Learned a level 4 spell: Hailstorm
  2897 | D:4      | Got a wavering bronze ring
  2902 | D:4      | Identified the ring "Bismeq" {Str+6 Dex+2} (You found it on
                  | level 4 of the Dungeon)
  3121 | D:4      | Reached XP level 6. HP: 21/32 MP: 15/15
  3234 | D:4      | Found a shadowy altar of Dithmenos.
  3326 | D:4      | Reached skill level 5 in Spellcasting
  3398 | D:4      | You fall into a shaft and drop 1 floor!
  3398 | D:5      | Entered Level 5 of the Dungeon
  3732 | D:5      | Reached skill level 1 in Conjurations
  3776 | D:5      | Found a hide-covered altar of Uskayaw.
  3791 | D:5      | Noticed a sky beast
  3808 | D:5      | Killed a sky beast
  3808 | D:5      | Reached skill level 1 in Shields
  3808 | D:5      | Reached skill level 7 in Ice Magic
  4037 | D:5      | Found Ketiwos's Armour Emporium.
  4042 | D:5      | Bought a +0 buckler of protection for 115 gold pieces
  4117 | D:4      | Reached XP level 7. HP: 33/36 MP: 11/17
  4125 | D:4      | Reached * piety under Vehumet
  4125 | D:4      | Offered knowledge of Sandblast by Vehumet.
  4404 | D:4      | Learned a level 4 spell: Summon Ice Beast
  4770 | D:5      | Reached skill level 1 in Summonings
  4990 | D:5      | Reached skill level 5 in Dodging
  5278 | D:5      | Reached XP level 8. HP: 33/41 MP: 11/19
  5558 | D:6      | Reached skill level 8 in Ice Magic
  5586 | D:6      | Found a sand-covered staircase.
  5684 | Ossuary  | Entered an ossuary
  5736 | Ossuary  | Offered knowledge of Searing Ray by Vehumet.
  5753 | Ossuary  | Learned a level 2 spell: Searing Ray
  5797 | Ossuary  | Reached ** piety under Vehumet
  6170 | Ossuary  | Offered knowledge of Inner Flame by Vehumet.
  6785 | D:6      | Noticed Sigmund
  6806 | D:6      | Killed Sigmund
  6806 | D:6      | Reached skill level 9 in Ice Magic
  6829 | D:6      | Reached *** piety under Vehumet
  7072 | D:6      | Reached XP level 9. HP: 29/45 MP: 17/21
  7275 | D:6      | Found a staircase to the Ecumenical Temple.
  7990 | D:7      | Offered knowledge of Sticky Flame by Vehumet.
  7997 | D:7      | Learned a level 4 spell: Sticky Flame
  8032 | D:7      | Found a glowing silver altar of Zin.
  8097 | D:7      | Found a hazy altar of Hepliaklqana.
  8101 | D:7      | Reached skill level 1 in Fire Magic
  8258 | D:7      | Reached skill level 5 in Conjurations
  8502 | D:7      | Reached skill level 10 in Ice Magic
  8979 | D:8      | Reached skill level 5 in Summonings
  9019 | D:7      | Reached **** piety under Vehumet
  9019 | D:7      | Reached XP level 10. HP: 50/50 MP: 4/24
  9140 | D:8      | Offered knowledge of Ignite Poison by Vehumet.
  9572 | D:8      | Found a sparkling altar of Nemelex Xobeh.
  9585 | D:8      | Got an ivory fustibalus
  9586 | D:8      | Identified the cursed +0 fustibalus "Qioful" {freeze, rN++}
                  | (You found it on level 8 of the Dungeon)
  9622 | D:8      | Noticed a two-headed ogre
  9629 | D:8      | Killed a two-headed ogre
  9630 | D:8      | Noticed a cyan ugly thing
  9660 | D:7      | Killed a cyan ugly thing
 10240 | D:8      | Found an ancient bone altar of Kikubaaqudgha.
 10240 | D:8      | Found an opulent altar of Gozag.
 10245 | D:8      | Found a sacrificial altar of Ru.
 10247 | D:8      | Found a faded altar of an unknown god.
 10249 | D:8      | Found a blossoming altar of Fedhas.
 10388 | D:9      | Noticed Amnesiac's ghost (journeyman DEIE)
 10391 | D:9      | Found a transporter.
 10399 | D:9      | Found a staircase to the Lair.
 10401 | D:9      | Reached skill level 11 in Ice Magic
 10411 | D:9      | Reached skill level 5 in Shields
 10855 | D:9      | Got a faintly humming robe
 10856 | D:9      | Identified the cursed +1 robe of Naess {rF+ rC+ Dex+3} (You
                  | found it on level 9 of the Dungeon)
 10873 | D:9      | Noticed Erolcha
 10877 | D:9      | Killed Erolcha
 11195 | D:9      | Found a transporter.
 11363 | D:10     | Entered Level 10 of the Dungeon
 11434 | D:10     | Found a staircase to the Orcish Mines.
 11612 | D:10     | Found Jaupeu's Weapon Boutique.
 11646 | D:10     | Reached XP level 11. HP: 41/54 MP: 26/26
 11953 | D:10     | Reached skill level 12 in Ice Magic
 12305 | D:11     | Found Waobojia's Gadget Shoppe.
 12365 | D:11     | Reached skill level 10 in Spellcasting
 12516 | D:11     | Noticed a centaur warrior
 12523 | D:11     | Killed a centaur warrior
 12891 | D:11     | Found an ancient bone altar of Kikubaaqudgha.
 13074 | D:11     | Noticed a green ugly thing
 13085 | D:11     | Killed a green ugly thing
 13085 | D:11     | Reached skill level 13 in Ice Magic
 13842 | D:12     | Noticed a skeletal warrior
 13842 | D:12     | Noticed a skeletal warrior
 13842 | D:12     | Noticed a skeletal warrior
 13842 | D:12     | Noticed a skeletal warrior
 13864 | D:12     | Killed a skeletal warrior
 14001 | D:12     | Got a fine flail
 14002 | D:12     | Identified the +9 flail of Corporal Punishment {venom,
                  | Fragile +Inv Dex-4 Stlth+} (You found it on level 12 of the
                  | Dungeon)
 14046 | D:12     | Noticed a deep elf mage
 14052 | D:12     | Killed a deep elf mage
 14103 | D:12     | Noticed an eight-headed hydra
 14104 | D:12     | Noticed a cyan ugly thing
 14107 | D:12     | Noticed a deep elf knight
 14108 | D:12     | HP: 2/54 [eight-headed hydra (10)]
 14130 | D:12     | Mangled by an eight-headed hydra

Levels and vault maps discovered:
D:1:      minmay_arrival_open_corners, layout_basic
D:2:      layout_rooms, lemuel_zombie_altar_yredelemnul, first_ration,
          supply_closet_lemuel, brannock_xom_greatest_gift
D:3:      layout_rooms, okawaru_gym_becter, fiery_altar_vehumet,
          portal_sewer_entry_a
D:4:      layout_cave_pools, grunt_dithmenos_smoke_and_mirrors
D:5:      layout_loops_corners, kennysheep_mini_moat, serial_shops,
          kennysheep_little_box
D:6:      layout_cave_pools, minmay_temple_entry_from_below_a,
          nicolae_ossuary_entry_catacombs, uniq_sigmund
D:7:      cheibrodos_steamvent, layout_basic, overflow_temple_1_default,
          old_standard_altar
D:8:      layout_gridville, nemelex_xobeh_ov_fountains_minmay,
          chequers_temple_overflow_minitemple
D:9:      layout_cave_pods, minmay_lair_entry_grove, gammafunk_ghost_mausoleum,
          uniq_erolcha
D:10:     layout_irregular_city, orc_0_dummy, serial_shops, shop
D:11:     layout_basic, serial_shops, shop, lemuel_centaur_altar
D:12:     kennysheep_windowed_halls, layout_loops_ring, david_nohive_1,
          minmay_pinched_square, uniq_urug, uniq_josephine, uniq_kirke,
          uniq_azrael

Skill      XL: |  1  2  3  4  5  6  7  8  9 10 11 |
---------------+----------------------------------+-----
Dodging        | 3 4 5 |  5.0
Ice Magic      | 5 6 7 9 10 11 13 | 13.5
Spellcasting   | 4 5 6 7 8 9 11 | 11.3
Conjurations   | 1 2 4 5 7 8 |  8.8
Shields        | 1 2 3 4 5 |  5.0
Summonings     | 1 3 5 |  5.0
Fire Magic     | 2 4 |  4.0
Stealth        | |  2.4

Action                   |  1- 3 |  4- 6 |  7- 9 | 10-12 || total
-------------------------+-------+-------+-------+-------++-------
Melee: Unarmed           |     3 |       |       |       ||     3
       Lajatang          |    12 |       |       |       ||    12
       Dagger            |     3 |    66 |       |       ||    69
       Spear             |       |       |   289 |   189 ||   478
 Cast: Freeze            |    36 |    43 |    31 |    46 ||   156
       Frozen Ramparts   |       |     7 |    11 |    10 ||    28
       Hailstorm         |       |     1 |    20 |    34 ||    55
       Summon Ice Beast  |       |       |     9 |     8 ||    17
       Searing Ray       |       |       |    15 |     6 ||    21
       Sticky Flame      |       |       |     9 |    30 ||    39
  Use: Scroll            |       |     1 |     7 |     3 ||    11
       Potion            |       |       |     2 |       ||     2
 Stab: Sleeping          |       |     2 |     8 |     3 ||    13
       Distracted        |       |       |     1 |       ||     1
  Eat: Chunk             |     3 |     6 |    16 |    18 ||    43
       Ration            |       |       |     1 |       ||     1
Armor: Robe              |    11 |    17 |    59 |    49 ||   136
       Steam dragon scal |       |       |    14 |    17 ||    31
Dodge: Dodged            |    33 |    66 |   212 |   148 ||   459
Block: Buckler           |       |     1 |    96 |   104 ||   201
       Reflection        |       |       |     2 |       ||     2

Table legend:
 A = Non-vault XP
 B = Vault XP
 C = Vault XP percentage of total XP
 D = Non-vault monster count
 E = Vault monster count
 F = Vault count percentage of total count
                 A         B        C        D         E       F
            +---------+---------+-------+---------+---------+-------
      Total |   14866 |    5370 |  26.5 |     196 |      79 |  28.7
            +---------+---------+-------+---------+---------+-------
        D:1 |      20 |       0 |   0.0 |      12 |       0 |   0.0
        D:2 |      14 |       3 |  17.6 |       9 |       2 |  18.2
        D:3 |      70 |      15 |  17.6 |       9 |       2 |  18.2
        D:4 |     289 |       0 |   0.0 |      23 |       0 |   0.0
        D:5 |     924 |       0 |   0.0 |      21 |       0 |   0.0
        D:6 |     672 |     696 |  50.9 |      15 |       7 |  31.8
        D:7 |    1841 |     327 |  15.1 |      22 |       2 |   8.3
        D:8 |    2170 |       0 |   0.0 |      32 |       0 |   0.0
        D:9 |     495 |    2641 |  84.2 |       6 |      13 |  68.4
       D:10 |     991 |       0 |   0.0 |      15 |       0 |   0.0
       D:11 |    5776 |     438 |   7.0 |      28 |       4 |  12.5
       D:12 |    1604 |     703 |  30.5 |       4 |       4 |  50.0
      Sewer |       0 |     109 | 100.0 |       0 |       6 | 100.0
    Ossuary |       0 |     438 | 100.0 |       0 |      39 | 100.0
            +---------+---------+-------+---------+---------+-------
